 Dungeon Crawl Stone Soup version 0.29.1-1-gd02db6906a (webtiles) character file.

Game seed: 8817163828065605680

302 Earthwalker the Shield-Bearer (level 6, -4/48 HPs)
             Began as a Formicid Fighter on Oct 7, 2022.
             Slain by an ogre
             ... wielding a +0 giant club
              (9 damage)
             ... on level 4 of the Dungeon.
             The game lasted 00:09:23 (2995 turns).

Earthwalker the Shield-Bearer (Formicid Fighter)    Turns: 2995, Time: 00:09:24

Health: -4/48      AC:  8    Str: 20    XL:     6   Next: 65%
Magic:  6/6        EV: 14    Int:  5    God:
Gold:   161        SH:  5    Dex: 15    Spells: 5/5 levels left

rFire   . . .      SeeInvis +   a - +0 quarterstaff
rCold   . . .      Faith    .   c - +0 buckler
rNeg    . . .      Spirit   .   b - +0 scale mail
rPois   +          Reflect  .   (helmet unavailable)
rElec   .          Harm     .   g - +0 cloak
rCorr   +          Rampage  .   (no gloves)
Will    .....                   (no boots)
Stlth   ..........              (no amulet)
HPRegen 0.16/turn               r - ring "Gumifas" {rPois rCorr EV+4 Int-3}
MPRegen 0.10/turn               (no ring)

@: no status effects
A: permanent stasis, dig shafts and tunnels, antennae 3, four strong arms
a: Dig, Shaft Self


You were on level 4 of the Dungeon.
You visited 1 branch of the dungeon, and saw 4 of its levels.

You collected 161 gold pieces.

Inventory:

Hand Weapons
 a - a +0 quarterstaff (weapon)
Missiles
 k - 2 poisoned darts
Armour
 b - a +0 scale mail (worn)
 c - a +0 buckler (worn)
 g - a +0 cloak (worn)
 p - a +0 animal skin
Jewellery
 r - the ring "Gumifas" (left hand) {rPois rCorr EV+4 Int-3}
   (You found it on level 3 of the Dungeon)

   [ring of evasion]

   EV:        It affects your evasion (+4).
   Int:       It affects your intelligence (-3).
   rPois:     It protects you from poison.
   rCorr:     It protects you from acid and corrosion.
Wands
 t - a wand of flame (25)
Scrolls
 e - 4 scrolls of identify
 f - 2 scrolls of vulnerability
 m - a scroll of poison {unknown}
 n - a scroll of teleportation
 s - a scroll of summoning {unknown}
 u - a scroll of immolation {unknown}
 v - a scroll of fear {unknown}
Potions
 d - 4 potions of might
 h - a potion of degeneration
 i - a potion of curing {unknown}
 j - a potion of brilliance {unknown}
 l - a potion of lignification {unknown}
 o - a potion of heal wounds {unknown}
 q - 3 potions of haste {unknown}


   Skills:
 + Level 3.9 Fighting
 + Level 3.9 Staves
 + Level 5.0 Armour
 + Level 1.3 Dodging
 + Level 0.1 Stealth
 + Level 5.2 Shields


You had 5 spell levels left.
You didn't know any spells.
Your spell library contained the following spells:

 Spells                   Type           Power      Damage    Failure   Level
 Manifold Assault         Tloc           0%         N/A       100%        5
 Storm Form               Tmut/Air       0%         N/A       100%        7
 Blink                    Tloc           Unusable   N/A       N/A         2

Dungeon Overview and Level Annotations

Branches:
Dungeon (4/15)
 Temple: D:4-7

Altars:
Vehumet

Annotations:
D:3 1 runed translucent door, caveywoolpert's ghost, amateur HOBe
D:4 2 runed translucent doors, Descartes's ghost, novice FoFi


Innate Abilities, Weirdness & Mutations

You cannot be hasted, slowed, berserked, paralysed or teleported.
You can dig through walls and to a lower floor.
You have a pair of large antennae on your head. (SInv)
Your four strong arms can wield two-handed weapons with a shield.


Message History

v - a scroll labelled URIFILI PARI A kobold comes into view.
It is wielding a +0 short sword.
An ogre comes into view. It is wielding a +0 giant club.
The ogre shouts!
The kobold barely misses you.
You sock the kobold!
You kill the kobold!
You hit the ogre but do no damage. You block the ogre's attack.
You barely miss the ogre. You hit the ogre.
The ogre is lightly wounded.
The ogre hits you with a +0 giant club!
You completely miss the ogre.
The ogre is lightly wounded.
The ogre closely misses you.
You barely miss the ogre.
The ogre is lightly wounded.
You block the ogre's attack.
You hit the ogre.
The ogre is moderately wounded.
You barely miss the ogre.
The ogre is moderately wounded.
You block the ogre's attack.
You hit the ogre but do no damage.
The ogre is moderately wounded.
The ogre hits you with a +0 giant club!!
Ouch! That really hurt!
* * * LOW HITPOINT WARNING * * *
You sock the ogre!
The ogre is heavily wounded.
The ogre barely misses you.
You hit the ogre but do no damage.
The ogre is heavily wounded.
You hit the ogre but do no damage.
The ogre is heavily wounded.
You block the ogre's attack.
You hit the ogre.
The ogre is severely wounded.
The ogre hits you with a +0 giant club!
You die...

#...................####
#...................####
#......................#
........................
#...................#...
...................####+
.....#......#.....##


#rr .######.##.######## #rW #@...# #{~ #O.### #~~ #.... #~$ ....... #~~
........# #~~ .........# #~~ .........# #~~ ..........# ##+ #.. You could see an
ogre.

Vanquished Creatures
  A phantom (D:4)
  A hound (D:4)
  An orc priest (D:4)
  An iguana (D:4)
  An orc wizard (D:4)
  Robin (D:3)
  An adder (D:2)
  A worm (D:2)
  5 dart slugs
  5 orcs
  6 ball pythons
  4 bats
  5 endoplasms
  A giant cockroach (D:2)
  7 hobgoblins
  7 jackals
  7 kobolds
  2 quokkas
  4 frilled lizards
  12 goblins
  6 rats
79 creatures vanquished.

Notes
Turn   | Place    | Note
-------+----------+-------------------------------------------
     0 | D:1      | Earthwalker the Formicid Fighter began the quest for the
                  | Orb.
     0 | D:1      | Reached XP level 1. HP: 18/18 MP: 1/1
    85 | D:1      | Found a faded altar of an unknown god.
    94 | D:1      | Reached XP level 2. HP: 23/24 MP: 2/2
   328 | D:1      | Reached XP level 3. HP: 28/29 MP: 3/3
   942 | D:2      | Reached XP level 4. HP: 37/37 MP: 4/4
  1230 | D:2      | Found a radiant altar of Vehumet.
  1463 | D:3      | Found a runed translucent door.
  1463 | D:3      | Noticed caveywoolpert's ghost (amateur HOBe)
  1552 | D:3      | Noticed Robin
  1599 | D:3      | Killed Robin
  1806 | D:3      | Reached XP level 5. HP: 41/42 MP: 5/5
  1825 | D:3      | Identified the ring "Gumifas" {rPois rCorr EV+4 Int-3}
  2231 | D:4      | Reached skill level 5 in Shields
  2290 | D:4      | Found a runed translucent door.
  2293 | D:4      | Noticed Descartes's ghost (novice FoFi)
  2297 | D:4      | Noticed a phantom
  2324 | D:4      | Killed a phantom
  2325 | D:4      | Reached skill level 1 in Dodging
  2325 | D:4      | Reached XP level 6. HP: 28/48 MP: 6/6
  2575 | D:4      | Found a runed translucent door.
  2803 | D:4      | Reached skill level 5 in Armour
  2980 | D:4      | Noticed an ogre
  2995 | D:4      | Slain by an ogre

Illustrated notes

Levels and vault maps discovered:
D:1:      saegor_arrival_fortress, layout_basic,
          shapermc_ecumenical_altar_starsandcircs
D:2:      layout_basic, basic_altar, kennysheep_boxes
D:3:      layout_loops_ring, gammafunk_ghost_grave, uniq_robin
D:4:      layout_rooms, ebering_ghost_sewer_f, uniq_menkaure

Skill      XL: |  1  2  3  4  5  6 |
---------------+-------------------+-----
Armour         | 4 5 |  5.0
Staves         | 3 |  3.9
Shields        | 5 |  5.2
Dodging        | 1 |  1.3
Fighting       | |  3.9
Stealth        | |  0.1

Action                   |  1- 3 |  4- 6 || total
-------------------------+-------+-------++-------
Melee: Quarterstaff      |    94 |   145 ||   239
 Abil: Dig               |       |     1 ||     1
  Use: Scroll            |     3 |       ||     3
Armor: Scale mail        |    51 |    59 ||   110
Dodge: Dodged            |    44 |    79 ||   123
Block: Buckler           |    32 |    35 ||    67
